 Dungeon Crawl Stone Soup version 0.27.1-34-g3ba077fa99 (webtiles) character file.

Game seed: 1510438150996568128

169 Arum the Shield-Bearer (level 5, 0/43 HPs)
             Began as a Formicid Fighter on Jan 4, 2022.
             Killed by divine providence
             ... invoked by an orc priest
              (12 damage)
             ... on level 4 of the Dungeon.
             The game lasted 00:03:38 (3441 turns).

Arum the Shield-Bearer (Formicid Fighter)           Turns: 3441, Time: 00:03:38

Health: 0/43       AC:  6    Str: 20    XL:     5   Next: 79%
Magic:  0/5        EV:  8    Int:  8    God:
Gold:   133        SH: 10    Dex: 11    Spells: 4/4 levels left

rFire    . . .     SeeInvis +   g - +1 flail (drain)
rCold    . . .     Faith    .   c - +0 kite shield
rNeg     . . .     Spirit   +   b - +0 scale mail
rPois    .         Reflect  .   (helmet unavailable)
rElec    .         Harm     .   (no cloak)
rCorr    .         Rampage  .   (no gloves)
Will     .....                  (no boots)
Stlth    ..........             h - amulet of guardian spirit
HPRegen  0.14/turn              (no ring)
MPRegen  0.09/turn              (no ring)

@: no status effects
A: permanent stasis, dig shafts and tunnels, antennae 3, four strong arms
a: Dig, Shaft Self


You were on level 4 of the Dungeon.
You visited 1 branch of the dungeon, and saw 4 of its levels.

You collected 133 gold pieces.

Inventory:

Hand Weapons
 a - a +1 quarterstaff
 g - a +1 flail of draining (weapon)
Armour
 b - a +0 scale mail (worn)
 c - a +0 kite shield (worn)
Jewellery
 h - an amulet of guardian spirit (around neck)
Scrolls
 f - 2 scrolls of teleportation
 j - 3 scrolls of enchant weapon
 n - a scroll of fear {unknown}
Potions
 d - a potion of might
 i - 2 potions of resistance
 k - a potion of brilliance
 m - a potion of haste
 o - a potion of flight {unknown}


   Skills:
 + Level 4.6 Fighting
 + Level 3.5 Staves
 - Level 3.2 Armour
 + Level 5.1 Shields


You had 4 spell levels left.
You didn't know any spells.
Your spell library contained the following spells:

 Spells                   Type           Power      Damage    Failure   Level
 Beastly Appendage        Tmut           0%         N/A       96%         1
 Wereblood                Tmut           0%         N/A       99%         2
 Spider Form              Tmut/Pois      0%         N/A       100%        3


Dungeon Overview and Level Annotations

Branches:
Dungeon (4/15)
 Temple: D:4-7

Altars:


Innate Abilities, Weirdness & Mutations

You cannot be hasted, slowed, berserked, paralysed or teleported.
You can dig through walls and to a lower floor.
You have a pair of large antennae on your head. (SInv)
Your four strong arms can wield two-handed weapons with a shield.


Message History

You are too injured to fight recklessly!
You are too injured to fight recklessly!
You are too injured to fight recklessly!
You are too injured to fight recklessly!
You are too injured to fight recklessly!
You are too injured to fight recklessly!
You are too injured to fight recklessly!
Unknown command.
You sock the orc priest!
You kill the orc priest!
Things that are here:
a +0 club; an orc corpse An orc comes into view.
It is wielding a +0 club.
The orc shouts!
An orc comes into view. It is wielding a +0 mace.
The orc priest mumbles some strange prayers to Beogh against you.
Pain shoots through your body!
Things that are here:
a +0 club; an orc corpse You start resting.
You sense a monster nearby.
You start resting.
You sense a monster nearby.
You hit the orc.
The orc is severely wounded.
The orc hits you with a +0 club.
* * * LOW HITPOINT WARNING * * *
You completely miss the orc.
The orc is severely wounded.
The orc hits you but does no damage. The orc closely misses you.
You hit the orc. You drain the orc.
You kill the orc!
You hit the orc priest.
The orc priest is moderately wounded.
You block the orc priest's attack. x2
You closely miss the orc priest.
The orc priest is moderately wounded.
The orc priest invokes the aid of Beogh against you.
Beogh smites you!
You die...

..................###.#
....................... .
..................###. .# #
#######..........####+#.#..
#.#######......o.o...
#######.### ###...o{....o
#.........# ###..........
#.........# ##o#..........
#.........# #@#....{......
#.........# ####.........?
.#.........# #...{......
#...........# #..........
##..........# #...(......
#..#####'### #..........
.... #.####### #.########
.. #.#<....# ..# .
#.#####.#


You could see an orc priest.

Vanquished Creatures
  An orc priest (D:4)
  Robin (D:2)
  A gnoll (D:1)
  4 adders (D:2)
  A worm (D:3)
  An orc (D:4)
  6 bats
  6 endoplasms
  2 giant cockroaches
  12 goblins
  8 hobgoblins
  9 kobolds
  7 quokkas
  5 ball pythons
  5 frilled lizards
  7 rats
76 creatures vanquished.

Notes
Turn   | Place    | Note
-------+----------+-------------------------------------------
     0 | D:1      | Arum the Formicid Fighter began the quest for the Orb.
     0 | D:1      | Reached XP level 1. HP: 18/18 MP: 1/1
   249 | D:1      | Reached XP level 2. HP: 24/24 MP: 2/2
   333 | D:1      | Reached skill level 4 in Shields
   440 | D:1      | Reached XP level 3. HP: 30/30 MP: 3/3
   453 | D:1      | Found a faded altar of an unknown god.
  1061 | D:2      | Noticed Robin
  1075 | D:2      | Reached XP level 4. HP: 27/37 MP: 2/4
  1088 | D:2      | Killed Robin
  1555 | D:2      | Reached XP level 5. HP: 30/42 MP: 2/5
  3104 | D:3      | Reached skill level 5 in Shields
  3441 | D:4      | Killed from afar by an orc priest

Illustrated notes

Levels and vault maps discovered:
D:1:      evilmike_arrival_fibonacci_small, layout_loops_ring,
          ebering_ecumenical_altar_abandoned, minmay_tall_x
D:2:      minmay_general_purpose_star, layout_basic, minmay_tromino_v4_c,
          uniq_robin
D:3:      layout_loops_ring, st_stairs_3, moated_statue, grunt_decor_fettered,
          amethyst_killhole, chequers_serial_rivers_small_3
D:4:      layout_basic, portal_sewer_entry_e, interstate_on_off,
          minmay_crystal_room

Skill      XL: |  1  2  3  4  5 |
---------------+----------------+-----
Shields        | 4 5 |  5.1
Fighting       | 4 |  4.6
Staves         | 3 |  3.5
Armour         | |  3.2

Action                   |  1- 3 |  4- 6 || total
-------------------------+-------+-------++-------
Melee: Quarterstaff      |    55 |       ||    55
       Flail             |    56 |   129 ||   185
 Abil: Dig               |     2 |     1 ||     3
  Use: Scroll            |       |     6 ||     6
Armor: Scale mail        |    42 |    47 ||    89
Dodge: Dodged            |    35 |    45 ||    80
Block: Kite shield       |    60 |    75 ||   135
